 Dungeon Crawl Stone Soup version 0.22.1-2-g9c5b331 (webtiles) character file.

129418 dvd the Severer (level 16, -2/145 HPs)
             Began as a Minotaur Gladiator on Nov 18, 2018.
             Was the Champion of Okawaru.
             Killed from afar by Azrael (50 damage)
             ... with a bolt of fire
             ... on level 2 of the Spider Nest.
             The game lasted 01:09:53 (24850 turns).

dvd the Severer (Minotaur Gladiator)               Turns: 24850, Time: 01:09:54

Health: -2/145     AC:  5    Str: 31    XL:     16   Next: 50%
Magic:  16/16      EV: 20    Int:  3    God:    Okawaru [******]
Gold:   1873       SH: 17    Dex: 15    Spells: 15/15 levels left

rFire    . . .     SeeInvis .   F - +2 broad axe (vamp)
rCold    + . .     Gourm    .   I - +0 shield of the Enchanted Forest {rElec}
rNeg     . . .     Faith    .   T - +0 ring mail of the Jackalope {Str+4 Slay+3}
rPois    .         Spirit   .   c - +2 hat
rElec    +         Reflect  .   K - scarf {repulsion}
rCorr    .         Harm     .   W - +1 pair of gloves of Darkness {rElec Regen+}
MR       +++..     Clarity  +   m - +1 pair of boots {run}
Stlth    ++........             g - necklace of Bloodlust {*Rage +Rage MR++ Int-3 Slay+6 *Curse}
HPRegen  0.74/turn              j - ring of protection from cold
MPRegen  0.15/turn              u - +5 ring of strength

@: liquid flames, heroism, corroded, glowing, repel missiles, quick
A: retaliatory headbutt, horns 2, clarity, deterioration 1
a: Heroism, Finesse, Renounce Religion, Evoke Berserk Rage


You were on level 2 of the Spider Nest.
You worshipped Okawaru.
Okawaru was exalted by your worship.
You were hungry.

You visited 5 branches of the dungeon, and saw 26 of its levels.
You also visited: Ice Cave.

You collected 2958 gold pieces.
You spent 1085 gold pieces at shops.

Inventory:

Hand Weapons
 e - a +2 war axe of flaming
 F - a +2 vampiric broad axe (weapon)
 G - a +5 hand axe of flaming
 M - a +2 flail of crushing
Missiles
 s - 22 tomahawks
 v - 11 javelins
 U - a poisoned javelin (quivered)
 Z - a poisoned tomahawk
Armour
 b - the +4 scale mail "Cydid" {-Tele Dex+2 Stlth+}
   (You found it on level 1 of the Spider Nest)

   It affects your dexterity (+2).
   It prevents most forms of teleportation.
   It makes you more stealthy.
 c - a +2 hat (worn)
 m - a +1 pair of boots of running (worn)
 D - a +0 pair of gloves of archery
 H - a +1 chain mail of poison resistance
 I - the +0 shield of the Enchanted Forest (worn) {rElec}
   (Okawaru gifted it to you on level 1 of the Lair of Beasts)

   It insulates you from electricity.
 K - a scarf of repulsion (worn)
 R - a +1 chain mail of cold resistance
 T - the +0 ring mail of the Jackalope (worn) {Str+4 Slay+3}
   (You bought it in a shop on level 2 of the Orcish Mines)

   It affects your strength (+4).
   It affects your accuracy and damage with ranged weapons and melee attacks
   (+3).
 W - the +1 pair of gloves of Darkness (worn) {rElec Regen+}
   (You found it in an ice cave)

   It insulates you from electricity.
   It increases your rate of regeneration.
 X - a +2 pair of gloves of strength
Magical Staves
 Y - an uncursed staff of cold {unknown}
Jewellery
 a - the amulet of Hoataacu {Harm *Drain rF- rC+ Int+7 Slay+3}
   (You found it on level 6 of the Lair of Beasts)

   [amulet of harm]

   It increases damage dealt and taken.
   It affects your intelligence (+7).
   It affects your accuracy and damage with ranged weapons and melee attacks
   (+3).
   It makes you vulnerable to fire.
   It protects you from cold.
   It causes draining when unequipped.
 g - the necklace of Bloodlust (around neck) {*Rage +Rage MR++ Int-3 Slay+6 *Curse}
   (You bought it in a shop on level 5 of the Dungeon)

   [amulet of rage]

   It affects your intelligence (-3).
   It affects your accuracy and damage with ranged weapons and melee attacks
   (+6).
   It affects your resistance to hostile enchantments.
   It lets you go berserk.
   It may make you go berserk in combat.
   It curses itself when equipped.
 j - a ring of protection from cold (left hand)
 u - a +5 ring of strength (right hand)
 B - a +2 ring of dexterity
 E - an uncursed amulet of guardian spirit
Wands
 n - a wand of acid (17)
 p - a wand of random effects (30)
 w - a wand of digging (17)
 y - a wand of iceblast (12)
 z - a wand of paralysis (42)
 O - a wand of disintegration (32)
 P - a wand of enslavement (26)
Scrolls
 d - 5 scrolls of blinking
 h - 21 scrolls of identify
 i - 3 scrolls of fear
 r - a scroll of remove curse
 t - 9 scrolls of teleportation
 C - a scroll of magic mapping
 N - 2 scrolls of amnesia
Potions
 l - 6 potions of heal wounds
 o - 7 potions of curing
 q - a potion of agility
 x - 3 potions of haste
 A - 7 potions of brilliance
 J - 3 potions of magic
 L - a potion of flight
 Q - 2 potions of might
 S - 2 potions of mutation
Comestibles
 f - 48 rations


   Skills:
 + Level 13.6(18.6) Fighting
   Level 1.7(6.7) Long Blades
 + Level 18.6(23.6) Axes
 + Level 8.3(13.3) Throwing
 * Level 16.2(21.2) Armour
 + Level 7.6(12.6) Dodging
 + Level 3.0(8.0) Stealth
 + Level 15.8(20.8) Shields
 + Level 2.6 Invocations
 + Level 0.3 Evocations


You had 15 spell levels left.
You didn't know any spells.
Your spell library contained the following spells:

 Spells                   Type           Power        Failure   Level  Hunger
 Animate Skeleton         Necr           N/A          58%         1    ##.....
 Apportation              Tloc           #.....       58%         1    ##.....
 Confusing Touch          Hex            #.....       58%         1    ##.....
 Corona                   Hex            #......      58%         1    ##.....
 Magic Dart               Conj           #...         58%         1    ##.....
 Shock                    Conj/Air       #...         58%         1    ##.....
 Sting                    Conj/Pois      #...         58%         1    ##.....
 Summon Small Mammal      Summ           #...         58%         1    ##.....
 Call Imp                 Summ           #.......     73%         2    ###....
 Ensorcelled Hibernation  Hex/Ice        #.....       73%         2    ###....
 Poisonous Vapours        Pois/Air       #.....       73%         2    ###....
 Searing Ray              Conj           #.....       73%         2    ###....
 Sublimation of Blood     Necr           #.........   73%         2    ###....
 Swiftness                Chrm/Air       #.......     73%         2    ###....
 Call Canine Familiar     Summ           #.......     91%         3    ####...
 Confuse                  Hex            #.......     91%         3    ####...
 Dazzling Spray           Conj/Hex       #.....       91%         3    ####...
 Ignite Poison            Fire/Tmut/Pois #.......     91%         3    ####...
 Mephitic Cloud           Conj/Pois/Air  #.......     91%         3    ####...
 Ozocubu's Armour         Chrm/Ice       #.......     91%         3    ####...
 Static Discharge         Conj/Air       #.......     91%         3    ####...
 Summon Guardian Golem    Hex/Summ       #.......     91%         3    ####...
 Tukima's Dance           Hex            #.......     91%         3    ####...
 Airstrike                Air            #.........   100%        4    #####..
 Force Lance              Conj/Tloc      #.......     100%        4    #####..
 Fulminant Prism          Conj/Hex       #.........   100%        4    #####..
 Iskenderun's Mystic Bla  Conj           #.......     100%        4    #####..
 Olgreb's Toxic Radiance  Pois           #.......     100%        4    #####..
 Summon Ice Beast         Ice/Summ       #.......     100%        4    #####..
 Summon Lightning Spire   Summ/Air       #.......     100%        4    #####..
 Throw Icicle             Conj/Ice       #.......     100%        4    #####..
 Blade Hands              Tmut           #.........   100%        5    ######.
 Dispel Undead            Necr           #.......     100%        5    ######.
 Lightning Bolt           Conj/Air       #.........   100%        5    ######.
 Venom Bolt               Conj/Pois      #.........   100%        5    ######.
 Freezing Cloud           Conj/Ice/Air   #.........   100%        6    #######
 Statue Form              Tmut/Erth      #........    100%        6    #######


Dungeon Overview and Level Annotations

Branches:
Dungeon (14/15)            Temple (1/1) D:4            Lair (6/6) D:10
 Shoals (0/4) Lair:4       Spider (3/4) Lair:3        Slime (0/5) Lair:5
    Orc (2/2) D:11            Elf (0/3) Orc:2        Vaults (0/5) D:14

Altars:
Ashenzari
Cheibriados
Dithmenos
Elyvilon
Fedhas
Gozag
Hepliaklqana
Kikubaaqudgha
Makhleb
Nemelex Xobeh
Okawaru
Sif Muna
Trog
Uskayaw
Vehumet
Wu Jian
Xom
Yredelemnul
Zin
The Shining One
Beogh
Jiyva

Shops:
D:5 =   D:14 *   Orc:2 [(=[

Annotations:
Spider:2 Azrael


Innate Abilities, Weirdness & Mutations

You reflexively headbutt those who attack you in melee.
You have a pair of horns on your head.
You possess an exceptional clarity of mind.
Your body sometimes deteriorates upon taking damage.


Message History

The hell hound closely misses you. You furiously retaliate!
You headbutt the hell hound. You block the redback's attack.
Azrael gestures at you. The sticky flame hits you!
You are covered in liquid flames!
You fail to use your ability.
You are covered in liquid flames!
You block the hell hound's attack. You block the redback's attack.
Azrael gestures at you. The bolt of fire misses you. The hell hound bites you.
The redback bites you!
You are poisoned.
The redback poisons you!
Okay, then.
Unknown command.
You feel better.
You are covered in liquid flames!
You block the hell hound's attack. You block the redback's attack.
Azrael gestures at you. The bolt of fire hits you!
You die...

.#.........##.#....##.......##
.#..............##..#..##..##
.#.#...#......^..#######..####
.#........########.......##.^#
.#.............#.........#...##
......##......##....#.........#
.....†.....####....##..#......#
#...............Rs........#####
##.............h@.............#
...########.......=....^......#
..................#.........###
..........#...)...##..####....###
..#...#.........#..#.........##..
............##.......#..........#
..........[....#.....#...##.....#
.....#.......#.########...##.#..#
.#.#...#..............####.###.##


You could see Azrael, a hell hound and a redback.

Vanquished Creatures
  Rupert (D:13)
  Gastronok (Lair:2)
  Kirke (Lair:6)
  Frances (Spider:2)
  An orc warlord (Orc:2)
  Nessos (Orc:2)
  An entropy weaver (Spider:3)
  2 blizzard demons (IceCv)
  A fire dragon (Lair:6)
  An ice dragon (Spider:2)
  A vault guard (D:14)
  4 hydras
  4 ogre magi (Orc:2)
  4 centaur warriors
  Erica (Lair:1)
  An anaconda (Lair:6)
  17 two-headed ogres
  A tengu warrior (D:13)
  Sonja (Orc:1)
  An unseen horror (D:12)
  A swamp dragon (Lair:6)
  11 orb spiders
  3 orc knights
  A wolf spider zombie (D:12)
  4 orc sorcerers (Orc:2)
  16 wolf spiders
  A manticore (D:13)
  3 cyclopes
  7 elephants (Lair:4)
  Maurice (D:8)
  A black mamba (Lair:5)
  3 centaur zombies (D:14)
  3 spiny frogs
  A torpor snail (Lair:2)
  An ice statue (IceCv)
  5 gargoyles
  10 rime drakes
  A centaur skeleton (D:10)
  10 demonic crawlers
  8 komodo dragons
  2 golden dragon simulacra (IceCv)
  A kobold demonologist (D:14)
  3 freezing wraiths (IceCv)
  4 ice devils (IceCv)
  5 trolls
  3 anaconda simulacra (IceCv)
  A tengu conjurer (D:14)
  25 jumping spiders
  Prince Ribbit (D:8)
  3 wolf spider simulacra (IceCv)
  10 polar bears
  2 raiju (Lair:6)
  18 blink frogs
  15 hippogriffs
  7 dream sheep
  11 slime creatures
  16 tarantellas
  36 redbacks
  Sigmund (D:2)
  A spriggan (D:12)
  2 dire elephant simulacra (IceCv)
  5 wyverns
  50 yaks
  2 basilisks
  6 hogs (Lair:6)
  A fire elemental (Spider:3)
  15 steam dragons
  A hungry ghost (D:11)
  A harpy simulacrum (IceCv)
  3 iron troll simulacra (IceCv)
  9 wargs
  A soldier ant (D:14)
  10 water moccasins
  2 acid dragons (Lair:6)
  4 hydra simulacra (IceCv)
  Duvessa (D:6)
  16 hell hounds
  11 porcupines
  3 sky beasts
  16 black bears
  An eye of draining (D:12)
  2 ice beasts
  21 orc warriors
  3 phantoms
  19 wolves
  15 centaurs
  33 ogres
  10 crocodiles
  3 big kobolds
  15 bullfrogs
  2 wyvern zombies
  4 scorpions
  Dowan (D:6)
  A troll zombie (D:11)
  An elephant simulacrum (IceCv)
  22 killer bees
  8 wights
  6 crimson imps
  4 draconian simulacra (IceCv)
  3 bullfrog zombies
  4 hounds
  6 jellies
  19 orc wizards
  Crazy Yiuf (D:2)
  13 orc priests
  3 bullfrog skeletons
  4 iguanas
  Jessica (D:3)
  Ijyb (D:4)
  Natasha (thrice) (D:4)
  5 troll simulacra (IceCv)
  12 worker ants
  A spriggan simulacrum (IceCv)
  A wolf simulacrum (IceCv)
  7 ogre zombies (D:11)
  5 centaur simulacra (IceCv)
  A hound skeleton (D:4)
  A worker ant zombie (D:8)
  7 gnolls
  13 adders
  2 naga simulacra (IceCv)
  2 ogre simulacra (IceCv)
  4 shadow imps
  5 white imps (IceCv)
  2 ufetubi (IceCv)
  4 oozes
  An adder zombie (D:6)
  An adder skeleton (D:8)
  3 worms (D:2)
  4 dart slugs
  3 leopard geckos
  59 orcs
  2 ball pythons (D:1)
  4 giant cockroaches
  5 hobgoblins
  8 jackals
  22 kobolds
  3 quokkas
  15 bats
  8 frilled lizards
  9 goblins
  4 goblin zombies (D:11)
  2 hobgoblin skeletons (D:11)
  2 hobgoblin zombies (D:11)
  A leopard gecko skeleton (D:6)
  5 orc skeletons (D:11)
  12 orc zombies (D:11)
  A quokka skeleton (D:8)
  4 rats
  3 fungi
  3 plants (Lair:6)
946 creatures vanquished.

Vanquished Creatures (others)
  A hippogriff (Lair:2)
  A steam dragon (Lair:2)
  A bullfrog (Lair:2)
  3 white imps (IceCv)
  An ufetubus (IceCv)
  A bush (Lair:2)
  17 fungi
  19 plants
44 creatures vanquished.

Grand Total: 990 creatures vanquished

Notes
Turn   | Place    | Note
-------+----------+-------------------------------------------
     0 | D:1      | dvd the Minotaur Gladiator began the quest for the Orb.
     0 | D:1      | Reached XP level 1. HP: 18/18 MP: 0/0
   130 | D:1      | Reached XP level 2. HP: 14/25 MP: 1/1
   296 | D:1      | Reached skill level 4 in Axes
   360 | D:1      | Reached XP level 3. HP: 29/30 MP: 2/2
   609 | D:2      | Reached skill level 1 in Armour
   761 | D:2      | Found a sparkling altar of Nemelex Xobeh.
   820 | D:2      | Reached XP level 4. HP: 37/37 MP: 3/3
   855 | D:2      | Noticed Sigmund
   862 | D:2      | Killed Sigmund
   862 | D:2      | Reached skill level 6 in Axes
   862 | D:2      | Reached XP level 5. HP: 39/45 MP: 4/4
  1290 | D:2      | Found a runed door.
  1294 | D:2      | Noticed Crazy Yiuf
  1301 | D:2      | Killed Crazy Yiuf
  1301 | D:2      | Reached XP level 6. HP: 27/51 MP: 5/5
  1729 | D:3      | Noticed Jessica
  1741 | D:3      | Killed Jessica
  1741 | D:3      | Reached skill level 1 in Stealth
  2362 | D:3      | Found a bloodstained altar of Trog.
  2364 | D:3      | Found a hide-covered altar of Uskayaw.
  2703 | D:4      | Reached skill level 1 in Shields
  2829 | D:4      | Noticed Natasha
  2848 | D:4      | Killed Natasha
  3003 | D:4      | Reached XP level 7. HP: 59/59 MP: 6/6
  3053 | D:4      | Noticed Natasha
  3067 | D:4      | Killed Natasha
  3067 | D:4      | Reached skill level 7 in Axes
  3214 | D:4      | Noticed Natasha
  3219 | D:4      | Killed Natasha
  3372 | D:4      | Noticed Ijyb
  3378 | D:4      | Killed Ijyb
  3693 | D:4      | Found a staircase to the Ecumenical Temple.
  3700 | Temple   | Entered the Ecumenical Temple
  3729 | Temple   | Became a worshipper of Warmaster Okawaru
  3897 | D:5      | Entered Level 5 of the Dungeon
  4016 | D:5      | Found a bloodstained altar of Trog.
  4224 | D:5      | Found Obumumih's Jewellery Emporium.
  4589 | D:5      | Reached * piety under Okawaru
  4624 | D:5      | Reached XP level 8. HP: 66/67 MP: 7/7
  4793 | D:6      | Reached skill level 5 in Armour
  5098 | D:6      | Reached skill level 8 in Axes
  5702 | D:6      | Found a shimmering altar of Xom.
  5828 | D:6      | Noticed Dowan
  5830 | D:6      | Noticed Duvessa
  5842 | D:6      | Killed Dowan
  5845 | D:6      | Killed Duvessa
  5845 | D:6      | Reached skill level 5 in Fighting
  5872 | D:6      | Reached skill level 5 in Shields
  6036 | D:7      | Noticed a hippogriff
  6045 | D:7      | Killed a hippogriff
  6050 | D:7      | Reached ** piety under Okawaru
  6050 | D:7      | Reached skill level 9 in Axes
  6050 | D:7      | Reached XP level 9. HP: 61/74 MP: 5/8
  6255 | D:7      | Found a snail-covered altar of Cheibriados.
  6800 | D:8      | Noticed Prince Ribbit
  6833 | D:8      | Killed Prince Ribbit
  6946 | D:8      | Reached *** piety under Okawaru
  7070 | D:8      | Noticed Maurice
  7578 | D:8      | Gained mutation: Your body sometimes deteriorates upon
                  | taking damage. [potion of mutation]
  7578 | D:8      | Gained mutation: You possess an exceptional clarity of
                  | mind. [potion of mutation]
  7745 | D:8      | Found a basalt altar of Yredelemnul.
  7774 | D:8      | Reached skill level 10 in Axes
  7811 | D:8      | Killed Maurice
  8118 | D:9      | Reached XP level 10. HP: 63/83 MP: 3/9
  8121 | D:9      | Reached skill level 5 in Dodging
  8282 | D:9      | Found a white marble altar of Elyvilon.
  8543 | D:9      | Found a snail-covered altar of Cheibriados.
  8822 | D:10     | Entered Level 10 of the Dungeon
  8906 | D:10     | Reached **** piety under Okawaru
  9098 | D:10     | Reached skill level 11 in Axes
  9118 | D:10     | Received a gift from Okawaru
  9149 | D:10     | Reached skill level 1 in Invocations
  9157 | D:10     | Reached skill level 5 in Throwing
  9421 | D:10     | Found a glowing golden altar of the Shining One.
  9546 | D:10     | Found a staircase to the Lair.
  9630 | D:10     | Reached ***** piety under Okawaru
  9649 | Lair:1   | Entered Level 1 of the Lair of Beasts
  9703 | Lair:1   | Reached XP level 11. HP: 91/91 MP: 10/10
  9962 | Lair:1   | Noticed Erica
  9974 | Lair:1   | Killed Erica
 10304 | Lair:1   | Identified a scroll of acquirement
 10467 | Lair:1   | Reached skill level 10 in Armour
 10473 | Lair:1   | Reached skill level 10 in Shields
 10474 | Lair:1   | Received a gift from Okawaru
 10482 | Lair:1   | Got a transparent shield {god gift}
 10493 | Lair:1   | Identified the +0 shield of the Enchanted Forest {rElec}
                  | (Okawaru gifted it to you on level 1 of the Lair of Beasts)
 10787 | Lair:2   | Noticed Gastronok
 10794 | Lair:2   | Reached skill level 12 in Axes
 11054 | Lair:2   | Killed Gastronok
 11225 | Lair:2   | Reached XP level 12. HP: 34/100 MP: 1/12
 11850 | Lair:2   | Reached skill level 13 in Axes
 12075 | Lair:2   | Learned a level 1 spell: Apportation
 12558 | Lair:2   | Got a warped falchion
 12570 | Lair:2   | Identified the cursed +0 falchion of Pain and Death {speed,
                  | rC+ Dex+5} (You found it on level 2 of the Lair of Beasts)
 12638 | Lair:3   | Noticed a five-headed hydra
 12651 | Lair:3   | Killed a two-headed hydra
 12651 | Lair:3   | Received a gift from Okawaru
 12876 | Lair:3   | Reached skill level 1 in Long Blades
 13087 | Lair:3   | Found a hole to the Spider Nest.
 13612 | Lair:4   | Noticed a seven-headed hydra
 13623 | Lair:4   | Killed a seven-headed hydra
 13668 | Lair:4   | Found a staircase to the Shoals.
 13678 | Lair:4   | Found a white marble altar of Elyvilon.
 14000 | Lair:4   | Received a gift from Okawaru
 14073 | Lair:4   | Reached XP level 13. HP: 98/108 MP: 6/13
 14090 | Lair:4   | Reached skill level 14 in Axes
 15094 | D:5      | Bought the cursed necklace of Bloodlust {*Rage +Rage MR++
                  | Int-3 Slay+6 *Curse} for 761 gold pieces
 15094 | D:5      | Found the cursed necklace of Bloodlust {*Rage +Rage MR++
                  | Int-3 Slay+6 *Curse}
 15101 | D:5      | Identified a +1 pair of boots of running (Okawaru gifted it
                  | to you on level 4 of the Lair of Beasts)
 15471 | Lair:5   | Found a runed door.
 15471 | Lair:5   | Found a viscous altar of Jiyva.
 15756 | Lair:5   | Found a deep blue altar of Sif Muna.
 15879 | Lair:5   | Found a staircase to the Slime Pits.
 15918 | Lair:6   | Entered Level 6 of the Lair of Beasts
 15976 | Lair:6   | Noticed Kirke
 15989 | Lair:6   | Killed Kirke
 16181 | Lair:6   | Reached ****** piety under Okawaru
 16195 | Lair:6   | Received a gift from Okawaru
 16221 | Lair:6   | Reached skill level 15 in Axes
 16282 | Lair:6   | Reached skill level 10 in Fighting
 16340 | Lair:6   | Got a sparkling steel amulet
 16657 | Lair:6   | Noticed a fire dragon
 16673 | Lair:6   | Killed a fire dragon
 16673 | Lair:6   | Reached XP level 14. HP: 121/121 MP: 12/14
 17117 | Lair:6   | Identified the amulet of Hoataacu {Harm *Drain rF- rC+
                  | Int+7 Slay+3} (You found it on level 6 of the Lair of
                  | Beasts)
 17285 | D:11     | Found a staircase to the Orcish Mines.
 17463 | D:11     | Found a bloodstained altar of Trog.
 17839 | Orc:1    | Entered Level 1 of the Orcish Mines
 17948 | Orc:2    | Entered Level 2 of the Orcish Mines
 17948 | Orc:2    | Found a staircase to the Elven Halls.
 17948 | Orc:2    | Noticed Sonja
 17956 | Orc:1    | Reached skill level 16 in Axes
 17958 | Orc:1    | Killed Sonja
 18260 | Orc:2    | Found Ruvuwk's Jewellery Emporium.
 18270 | Orc:2    | Received a gift from Okawaru
 18294 | Orc:2    | Received a gift from Okawaru
 18298 | Orc:2    | Found Esesotz's Antique Armour Boutique.
 18306 | Orc:2    | Found Lopuwolo's Weapon Emporium.
 18306 | Orc:2    | Found Emniklos's Antique Armour Shop.
 18351 | Orc:2    | Noticed Nessos
 18362 | Orc:2    | Killed Nessos
 18563 | Orc:2    | Bought a slimy ring mail for 324 gold pieces
 18573 | Orc:2    | Identified the cursed +0 ring mail of the Jackalope {Str+4
                  | Slay+3} (You bought it in a shop on level 2 of the Orcish
                  | Mines)
 18576 | Orc:2    | Found a roughly hewn altar of Beogh.
 18591 | Orc:2    | Reached skill level 17 in Axes
 18605 | Orc:2    | Noticed an orc warlord
 18618 | Orc:2    | Killed an orc warlord
 19143 | D:12     | Reached XP level 15. HP: 132/132 MP: 15/15
 19288 | D:12     | Reached skill level 15 in Armour
 19629 | D:13     | Noticed Rupert
 19644 | D:13     | Killed Rupert
 19644 | D:13     | Received a gift from Okawaru
 19807 | D:13     | Identified the cursed +1 battleaxe of Fedhas's Displeasure
                  | {vamp, rN+ Str+4} (You found it on level 13 of the Dungeon)
 20394 | D:14     | Found Qufradgh's Island Escapes.
 20727 | D:14     | Reached skill level 18 in Axes
 20727 | D:14     | Reached skill level 15 in Shields
 21034 | D:14     | Found a glowing silver altar of Zin.
 21285 | D:14     | Found a gate to the Vaults.
 21510 | Spider:1 | Entered Level 1 of the Spider Nest
 21543 | Spider:1 | Got a spiked scale mail
 21544 | Spider:1 | Identified the +4 scale mail "Cydid" {-Tele Dex+2 Stlth+}
                  | (You found it on level 1 of the Spider Nest)
 21747 | Spider:1 | Received a gift from Okawaru
 22228 | Spider:2 | Found a frozen archway.
 22265 | IceCv    | Entered an ice cave
 22459 | IceCv    | Reached XP level 16. HP: 70/143 MP: 13/16
 22868 | IceCv    | Received a gift from Okawaru
 23708 | IceCv    | Got a pair of heavily runed gloves
 23709 | IceCv    | Identified the Catalogue of Twisted Snow
 23714 | IceCv    | Identified the Guide on Transformation
 24057 | Spider:2 | Noticed Frances
 24071 | Spider:2 | Killed Frances
 24156 | Spider:2 | Identified the +1 pair of gloves of Darkness {rElec Regen+}
                  | (You found it in an ice cave)
 24750 | Spider:2 | Found a roughly hewn altar of Beogh.
 24837 | Spider:3 | Noticed Azrael
 24841 | Spider:3 | Received a gift from Okawaru
 24850 | Spider:2 | Killed from afar by Azrael

Skill      XL: |  1  2  3  4  5  6  7  8  9 10 11 12 13 14 15 16 |
---------------+-------------------------------------------------+-----
Axes           | 4 6 7 9 10 11 12 13 15 17 18 | 18.6
Armour         | 1 2 3 4 6 8 9 11 12 13 14 15 16 | 16.2
Fighting       | 3 4 5 6 7 8 10 11 13 | 13.6
Dodging        | 4 5 7 |  7.6
Stealth        | 1 2 3 |  3.0
Shields        | 1 3 5 7 9 11 12 13 14 15 | 15.8
Throwing       | 3 4 5 6 7 8 |  8.3
Invocations    | 1 2 |  2.6
Long Blades    | 1 |  1.7
Evocations     | |  0.3

Action                   |  1- 3 |  4- 6 |  7- 9 | 10-12 | 13-15 | 16-18 || total
-------------------------+-------+-------+-------+-------+-------+-------++-------
Melee: War axe           |    81 |   115 |   282 |       |       |       ||   478
       Headbutt          |     8 |    27 |    83 |   150 |   255 |    65 ||   588
       Hand axe          |       |       |    88 |   399 |       |       ||   487
       Broad axe         |       |       |       |   157 |   818 |   180 ||  1155
       Falchion          |       |       |       |    14 |       |       ||    14
       Scimitar          |       |       |       |     3 |       |       ||     3
Throw: Throwing net      |       |    11 |     1 |       |       |       ||    12
       Tomahawk          |       |    10 |    35 |    84 |    56 |    51 ||   236
       Javelin           |       |     4 |       |       |       |    21 ||    25
Invok: Heroism           |       |       |     8 |    20 |    10 |     5 ||    43
Evoke: Wand              |       |       |     2 |     6 |     1 |       ||     9
  Use: Scroll            |       |       |    10 |     6 |    12 |     2 ||    30
       Potion            |       |       |    11 |     6 |     1 |     2 ||    20
 Stab: Paralysed         |       |       |     5 |     5 |       |       ||    10
       Distracted        |       |       |       |       |     2 |       ||     2
       Sleeping          |       |       |       |       |       |     1 ||     1
  Eat: Chunk             |       |     7 |    13 |    17 |    23 |     3 ||    63
       Ration            |       |       |     1 |     2 |     1 |     1 ||     5
Armor: Ring mail         |    23 |       |       |       |   102 |    37 ||   162
       Plate armour      |    32 |    38 |       |   182 |   249 |       ||   501
       Scale mail        |       |    26 |    63 |       |       |       ||    89
       Chain mail        |       |       |    40 |    15 |       |       ||    55
       Steam dragon scal |       |       |       |    11 |       |       ||    11
Dodge: Dodged            |    39 |    36 |   105 |   201 |   432 |    79 ||   892
       Deflected         |       |       |       |       |    20 |     1 ||    21
Block: Buckler           |       |     7 |       |       |       |       ||     7
       Shield            |       |    25 |   176 |   377 |   715 |   139 ||  1432
       Rpst.: Falchion   |       |       |       |     3 |       |       ||     3
